 Dungeon Crawl Stone Soup version 0.13.1-28-g3517093 (webtiles) character file.

439 CrazyArbalest the Bolt Thrower (level 5, -10/39 HPs)
             Began as a Demonspawn Hunter on Mar 19, 2014.
             Mangled by an ogre
             ... wielding a +0,+0 giant spiked club
              (20 damage)
             ... on Level 4 of the Dungeon.
             The game lasted 00:11:13 (2825 turns).

CrazyArbalest the Bolt Thrower (Demonspawn Hunter)  Turns: 2825, Time: 00:11:13

HP -10/39        AC 15     Str 13      XL: 5   Next: 82%
MP   4/4         EV  8     Int 13      God:
Gold 196         SH  0     Dex 13      Spells:  0 memorised,  4 levels left

Res.Fire  : . . .   See Invis. : .   b - +1 crossbow
Res.Cold  : . . .   Warding    : .   j - +1 pearl dragon armour
Life Prot.: + . .   Conserve   : .   (no shield)
Res.Poison: .       Res.Corr.  : .   y - +1 dwarf helmet
Res.Elec. : .       Clarity    : .   B - +0 cloak
Sust.Abil.: . .     Spirit.Shd : .   (no gloves)
Res.Mut.  : .       Stasis     : .   (no boots)
Res.Rott. : .       Flight     : .   (no amulet)
Saprovore : . . .                    (no ring)
                                     (no ring)

@: slightly resistant to hostile enchantments, extremely unstealthy
A: spiny 2, AC +1
a: no special abilities


You were on level 4 of the Dungeon.
You were hungry.

You visited 1 branch of the dungeon, and saw 4 of its levels.

You collected 176 gold pieces.

Inventory:

Hand weapons
 a - a +2,+0 whip
 b - a +1,+1 crossbow (weapon)
 t - a +2,+0 mace
 w - a +0,+1 orcish whip
 z - a -1,+1 orcish whip
 A - a +1,+1 orcish whip
 G - a +0,+1 orcish flail
Missiles
 c - 12 bolts (quivered)
Armour
 d - a +0 leather armour
 j - a +1 pearl dragon armour (worn)
 u - a cursed -1 orcish leather armour
 y - a +1 dwarven helmet (worn)
 B - a +0 cloak (worn)
Magical devices
 F - a wand of draining (6) {unknown}
Comestibles
 f - 2 bread rations
 x - a meat ration
 D - 3 rotting chunks of orc flesh
 H - 3 chunks of orc flesh
 J - a chunk of quokka flesh
 L - a chunk of bat flesh
Scrolls
 g - a scroll of recharging {unknown}
 h - 3 scrolls of curse jewellery {unknown}
 i - a scroll of magic mapping {unknown}
 l - 4 scrolls of identify {unknown}
 p - a scroll of noise {unknown}
 q - 3 scrolls of blinking {unknown}
 v - 2 scrolls of enchant weapon II {unknown}
 E - a scroll of amnesia {unknown}
 I - a scroll of teleportation {unknown}
Jewellery
 m - a cursed amulet of guardian spirit {unknown}
Potions
 e - 3 potions of curing {unknown}
 k - a potion of agility {unknown}
 n - a potion of resistance {unknown}
 o - a potion of heal wounds {unknown}
 r - a potion of slowing {unknown}
 s - a potion of brilliance {unknown}
 C - a potion of confusion {unknown}
Carrion
 K - the goblin corpse of Ijyb


   Skills:
 + Level 1.4 Fighting
 * Level 2.4 Maces & Flails
 + Level 4.9 Crossbows
 + Level 1.6 Armour
 + Level 2.6 Dodging
 + Level 1.0 Stealth


You had 4 spell levels left.
You didn't know any spells.

Dungeon Overview and Level Annotations

Branches:
Dungeon (4/27)
 Temple: D:4-7

Altars:
Cheibriados
Elyvilon
Nemelex Xobeh
Yredelemnul


Innate Abilities, Weirdness & Mutations

You are partially covered in rugged brown scales (AC +1, +3% HP).
You are mostly covered in sharp spines.


Message History

You shoot a bolt. The bolt hits the ogre.
The ogre is moderately wounded.
The ogre hits you with a giant spiked club!
Ouch! That really hurt!
* * * LOW HITPOINT WARNING * * *
Firing (i - inventory):
c - 14 bolts (quivered)
Press: ? - help, Shift-Dir - straight line, f/p - ogre
Aim: an ogre, wielding a giant spiked club (moderately wounded)
You shoot a bolt. The bolt hits the ogre.
The ogre is heavily wounded.
You are feeling hungry.
The ogre barely misses you.
Firing (i - inventory):
c - 13 bolts (quivered)
Press: ? - help, Shift-Dir - straight line, f/p - ogre
Aim: an ogre, wielding a giant spiked club (heavily wounded)
You shoot a bolt. The bolt hits the ogre.
The ogre is almost dead.
The ogre hits you with a giant spiked club!
Ouch! That really hurt!
You die...

##################
#.......%.........
#.################
#.# #.# #.# ######
#@# #..... #O#
#.#### #.# ####.#
#(# #....# #.#
#.#### #.# #.# #!#
#.# #.......##.#
#.#####.##.#


You could see an ogre.

Vanquished Creatures
  3 orc priests
  Ijyb (D:4)
  5 adders
  A worm (D:3)
  3 giant geckos
  An ooze (D:2)
  8 orcs
  10 giant cockroaches
  10 hobgoblins
  8 kobolds
  5 quokkas
  2 ball pythons
  7 bats
  3 giant newts
  6 goblins
  3 jackals (D:2)
  10 rats
86 creatures vanquished.

Notes
Turn   | Place    | Note
--------------------------------------------------------------
     0 | D:1      | CrazyArbalest, the Demonspawn Hunter, began the quest for the Orb.
     0 | D:1      | Reached XP level 1. HP: 16/16 MP: 0/0
    72 | D:1      | Reached skill level 4 in Crossbows
   131 | D:1      | Gained mutation: You are partially covered in sharp spines. [demonic ancestry]
   131 | D:1      | Reached XP level 2. HP: 22/22 MP: 1/1
   790 | D:2      | Reached XP level 3. HP: 22/27 MP: 2/2
   791 | D:2      | Found a sparkling altar of Nemelex Xobeh.
  1187 | D:2      | Reached skill level 1 in Maces & Flails
  1635 | D:3      | Gained mutation: You are partially covered in rugged brown scales (AC +1, +3% HP). [demonic ancestry]
  1635 | D:3      | Reached XP level 4. HP: 26/33 MP: 3/3
  1653 | D:2      | Found a basalt altar of Yredelemnul.
  1685 | D:3      | Found a snail-covered altar of Cheibriados.
  1685 | D:3      | Found a white marble altar of Elyvilon.
  1755 | D:3      | Reached skill level 1 in Stealth
  1840 | D:3      | Reached skill level 1 in Armour
  2077 | D:3      | Gained mutation: You are mostly covered in sharp spines. [demonic ancestry]
  2077 | D:3      | Reached XP level 5. HP: 28/39 MP: 4/4
  2759 | D:4      | Noticed Ijyb
  2765 | D:4      | Killed Ijyb
  2814 | D:4      | Noticed an ogre
  2825 | D:4      | Mangled by an ogre

Action                   |  1- 3 |  4- 6 || total
-------------------------+-------+-------++-------
Melee: Mace              |   103 |     4 ||   107
       Whip              |       |   144 ||   144
 Fire: Crossbow          |    15 |    29 ||    44
